AoeStats
← Wgonzalez079389

Fortress

510042342Analyzed
4v4 RM · 2d ago on Sep 29, 2026· 25m 13s· 8 players
Game mode
Random Map
Map size
Huge
Population
200
Speed
Normal
Resources
Standard
Victory
Conquest
Starting age
Dark Age
Ending age
Imperial Age
RankedLock teamsTeams togetherTeam positionsShared explorationLock speedFull tech treeHidden civsTurbo modeCheats
Victory
Defeat
🇨🇴 Malians · Colombia
1447
+5
🇲🇽 Hindustanis · Mexico
1242
+10
🇲🇽 Poles · Mexico
1137
+38
🇲🇽 Vietnamese · Mexico
1091
+15
🇨🇳 Teutons · China
1176
-14
🇻🇳 Danes · Vietnam
1113
-11
🇳🇮 Teutons · Nicaragua
1094
-10
🇺🇸 Bohemians · United States
1074
-9
kw3dsky
7:46 Feudal Age
13:02 Castle Age
11:00 Horse Collar
11:30 Gold Mining
11:44 Double-Bit Axe
14:21 Squires
17:41 Wheelbarrow
17:34 Scale Mail Armor
18:16 Loom
19:46 Forging
20:14 Chain Mail Armor
MYTH NICAZ
8:40 Feudal Age
12:40 Castle Age
10:49 Double-Bit Axe
11:02 Horse Collar
14:57 Bow Saw
14:53 Fletching
15:15 Heavy Plow
16:24 Town Watch
18:45 Wheelbarrow
18:42 Fervor
Zarathustra
7:27 Feudal Age
9:49 Loom
12:14 Castle Age
11:01 Double-Bit Axe
11:00 Horse Collar
11:54 Gold Mining
11:55 Stone Mining
13:06 Loom
14:22 Bow Saw
18:49 Scale Mail Armor
20:43 Wheelbarrow
Wgonzalez079389
1:02 Loom
7:31 Feudal Age
7:57 Double-Bit Axe
14:24 Castle Age
13:25 Horse Collar
13:38 Gold Mining
14:33 Wheelbarrow
15:22 Bow Saw
15:14 Heavy Plow
15:07 Stone Mining
17:51 Forging
17:36 Fletching
18:04 Pikeman
20:52 Hand Cart
Neuron MX
7:18 Feudal Age
11:37 Castle Age
9:35 Double-Bit Axe
9:40 Man-at-Arms
10:11 Horse Collar
11:25 Scale Mail Armor
12:33 Heavy Plow
17:29 Wheelbarrow
25:01 Szlachta Privileges
[GDL] Sr. Yo
8:05 Feudal Age
9:11 Double-Bit Axe
11:39 Castle Age
9:44 Horse Collar
13:05 Bow Saw
14:50 Heavy Plow
16:35 Loom
17:42 Wheelbarrow
17:59 Gold Mining
24:40 Imperial Age
21:59 Town Watch
22:36 Hand Cart
24:41 Gold Shaft Mining
23:59 Stone Mining
25:24 Scale Barding Armor
25:29 Forging
26:26 Chemistry
25:30 Padded Archer Armor
[GDL] Hugo Logar
0:51 Loom
6:28 Feudal Age
8:29 Double-Bit Axe
13:26 Castle Age
13:15 Scale Barding Armor
14:01 Forging
14:27 Horse Collar
21:31 Wheelbarrow
22:27 Iron Casting
[GDL]HULKMEN_GT
6:44 Feudal Age
11:09 Castle Age
9:23 Horse Collar
10:02 Double-Bit Axe
11:08 Padded Archer Armor
11:35 Gold Mining
16:43 Leather Archer Armor
21:30 Heavy Plow
21:40 Bow Saw
24:16 Wheelbarrow
Connection lost

Rejoining the realm…

Still unreachable

The connection could not be restored.

Session expired

The server has moved on; the page needs a fresh start.